 Dungeon Crawl Stone Soup version 0.31.0-32-g396128a36d (webtiles) character file.

Game seed: 5095999160198836208

1613 spaghetti the Fighter (level 8, -4/81 HPs)
             Began as a Naga Chaos Knight on Mar 8, 2024.
             Was a Plaything of Xom.
             Killed from afar by a steam dragon (24 damage)
             ... with a ball of steam
             ... on level 6 of the Dungeon.
             The game lasted 00:06:48 (5229 turns).

spaghetti the Fighter (Naga Chaos Knight)           Turns: 5229, Time: 00:06:49

Health: -4/81      AC: 11    Str: 15    XL:     8   Next: 95%
Magic:  13/15      EV:  9    Int: 15    God:    Xom [....*.]
Gold:   316        SH:  0    Dex: 12    Spells: 14/17 levels left

rFire   x . .        t - +3 flail (venom)
rCold   . . .        (no shield)
rNeg    . . .        b - +2 leather armour
rPois   +            h - +0 helmet
rElec   .            i - +2 cloak
rCorr   .            d - +0 pair of gloves
SInv    +            (no barding)
Will    +....        (no amulet)
Stlth   ++           g - +4 ring of slaying
HPRegen 0.33/turn    (no ring)
MPRegen 0.14/turn

%: clarity
@: inugami summoned, very slow
A: AC +2, large, see invisible, deformed body, poison resistance, slowness 2,
spit poison 2, naga tail 1, thin skeletal structure 1, clarity, passive freeze,
heat vulnerability 1
a: Breathe Poison Gas, Renounce Religion


You were on level 6 of the Dungeon.
You worshipped Xom.
You were a beloved toy of Xom.
You visited 1 branch of the dungeon, and saw 6 of its levels.

You collected 316 gold pieces.

Inventory:

Hand Weapons
 a - a +0 falchion of chaos
 t - a +3 flail of venom (weapon)
Armour
 b - a +2 leather armour (worn)
 d - a +0 pair of gloves (worn)
 h - a +0 helmet (worn)
 i - a +2 cloak (worn)
 j - a +1 scale mail of poison resistance
Magical Staves
 v - a staff of conjuration
Jewellery
 g - a +4 ring of slaying (left hand)
Wands
 q - a wand of flame (15)
Scrolls
 c - a scroll of butterflies
 k - 4 scrolls of fog
 l - a scroll of noise
 m - 3 scrolls of revelation
 s - a scroll of immolation
 y - a scroll of teleportation
 z - a scroll of silence {unknown}
 A - 2 scrolls of identify
Potions
 e - 4 potions of curing
 n - a potion of invisibility
 o - a potion of mutation
 p - 3 potions of heal wounds
 r - 2 potions of enlightenment
 u - a potion of ambrosia
 w - a potion of haste {unknown}
 x - a potion of resistance {unknown}
Miscellaneous
 f - a condenser vane


   Skills:
 + Level 8.0 Fighting
 - Level 3.0 Long Blades
 - Level 1.5 Armour
 - Level 0.7 Dodging
 + Level 5.0 Spellcasting
 + Level 5.4 Summonings


You had 14 spell levels left.
You knew the following spells:

 Your Spells              Type           Power      Damage    Failure   Level
a - Call Canine Familiar  Summ           20%        N/A       6%          3

Your spell library contained the following spells:

 Spells                   Type           Power      Damage    Failure   Level
 Mercury Vapours          Alch/Air       6%         N/A       30%         2
 Dazzling Flash           Conj/Hex       6%         N/A       52%         3
 Mephitic Cloud           Conj/Alch/Air  3%         N/A       52%         3
 Sigil of Binding         Hex            3%         N/A       52%         3
 Volatile Blastmotes      Fire/Tloc      6%         2d10      52%         3
 Dimensional Bullseye     Hex/Tloc       1%         N/A       89%         4
 Freezing Cloud           Conj/Ice/Air   1%         6-21      99%         5
 Starburst                Conj/Fire      1%         6d3       100%        6
 Maxwell's Capacitive Co  Air            1%         ∞         100%        8


Dungeon Overview and Level Annotations

Branches:
Dungeon (6/15)
 Temple: D:4-7

Altars:

Shops:
D:1 =


Innate Abilities, Weirdness & Mutations

Your serpentine skin is tough. (AC +2)
You have supernaturally acute eyesight. (SInv)
Armour fits poorly on your strangely shaped body.
Your system is resistant to poisons. (rPois)
You cover ground very slowly.
You can exhale a cloud of poison.
You have a snake-like lower body.
You have a somewhat thin skeletal structure. (Dex +2, Stealth+)
You possess an exceptional clarity of mind.
A frigid envelope surrounds you and freezes all who hurt you.
You are vulnerable to heat. (rF-)


Message History

You thump the fungus!
The fungus begins to die.
The fungus is poisoned.
The fungus is lightly damaged.
You are engulfed in a cloud of scalding steam.
Your inugami blinks! x2
The fungus is engulfed in a cloud of scalding steam.
You sock the fungus!
The fungus is lightly damaged.
The fungus is engulfed in a cloud of scalding steam.
You closely miss the steam dragon.
You are engulfed in a cloud of scalding steam.
The steam dragon blinks!
The fungus is engulfed in a cloud of scalding steam.
A nearby fungus withers and dies.
The steam dragon breathes steam at you. The ball of steam hits you!
The steam scalds you terribly!
A nearby fungus withers and dies.
The steam dragon breathes steam at you. The ball of steam hits you!
The steam scalds you terribly!
* * * LOW HITPOINT WARNING * * *
Okay, then.
Unknown command.
The translocation energy dissipates.
A steam dragon is nearby!
A steam dragon is nearby!
You thump the steam dragon!
The steam dragon is poisoned.
The steam dragon is moderately wounded.
The steam dragon bites you.
* * * LOW HITPOINT WARNING * * *
The steam dragon is very cold.
The steam dragon is heavily wounded.
The steam dragon barely misses you.
Unknown command.
The steam dragon barely misses you.
The steam dragon claws you but does no damage.
The steam dragon is very cold.
The steam dragon is almost dead.
The steam dragon breathes steam at you. The ball of steam hits you!!
The steam scalds you terribly!
Xom thinks this is hilarious!
You die...

# ~..# #.. #P..# #.. #..≈#
##..########..~#
#..........#P.~##
#........##§§§~^##.... ##
##......##..h§^P##....
...##......#..§D..~P#...#
...........#.~.@..~~#...###
.#
...........#P.....P##.....+
.#
...###...####.P..~~##..<..#
.# .
#...#####.~≈####....###+#..
#.......#####.##..<.##....#
#.......................<.#
+.........................#
#.............########....#
#.............##....####'##


You could see a steam dragon (very poisoned, catching breath, ally target) and a
friendly inugami (summoned).

Vanquished Creatures
  Grinder (D:4)
  Eustachio (D:4)
  Edmund (D:4)
  A water moccasin (D:6)
  2 ice beasts (D:6)
  An ogre (D:3)
  4 scorpions
  2 bombardier beetles (D:6)
  A jelly (D:3)
  A hound (D:4)
  2 gnoll boudas (D:5)
  An iguana (D:5)
  3 orc wizards
  Robin (D:2)
  9 gnolls (D:5)
  7 adders
  A white imp (D:5)
  A dart slug (D:2)
  3 ribbon worms
  11 orcs
  10 ball pythons
  4 bats
  6 endoplasms
  4 giant cockroaches
  14 goblins
  9 hobgoblins
  5 jackals
  3 kobolds
  4 quokkas
  4 frilled lizards
  5 rats
122 creatures vanquished.

Vanquished Creatures (others)
  An orc (D:3)
1 creature vanquished.

Grand Total: 123 creatures vanquished

Notes
Turn   | Place    | Note
-------+----------+-------------------------------------------
     0 | D:1      | spaghetti the Naga Chaos Knight began the quest for the
                  | Orb.
     0 | D:1      | Reached XP level 1. HP: 21/21 MP: 1/1
    51 | D:1      | XOM: potion effect (attraction)
    58 | D:1      | Reached XP level 2. HP: 23/28 MP: 2/2
    74 | D:1      | XOM: divination: detect creatures
   354 | D:1      | Found Luner's Jewellery Emporium.
   536 | D:1      | Reached skill level 4 in Fighting
   804 | D:2      | Reached XP level 3. HP: 36/36 MP: 3/3
   913 | D:2      | Noticed Robin
   920 | D:2      | Killed Robin
   959 | D:3      | XOM: silly message
  1031 | D:3      | XOM: 2-stop teleportation journey
  1035 | D:3      | Reached XP level 4. HP: 32/45 MP: 4/4
  1084 | D:3      | XOM: divination: detect items
  1169 | D:3      | XOM: god gift: condenser vane
  1293 | D:3      | Reached skill level 5 in Fighting
  1771 | D:2      | Reached XP level 5. HP: 52/52 MP: 5/5
  1876 | D:2      | Learned a level 3 spell: Call Canine Familiar
  2388 | D:4      | Noticed Eustachio
  2390 | D:4      | Noticed an ogre
  2400 | D:4      | Reached skill level 1 in Spellcasting
  2400 | D:4      | Reached skill level 1 in Summonings
  2404 | D:3      | XOM: potion effect (might)
  2409 | D:3      | XOM: noise
  2412 | D:3      | XOM: silly message
  2413 | D:3      | Reached XP level 6. HP: 22/62 MP: 6/8
  2560 | D:4      | XOM: potion effect (haste)
  2568 | D:3      | Reached skill level 6 in Fighting
  2614 | D:3      | XOM: silly message
  2624 | D:4      | XOM: potion effect (brilliance)
  3013 | D:4      | XOM: potion effect (attraction)
  3017 | D:4      | XOM: potion effect (berserk rage)
  3024 | D:4      | Killed Eustachio
  3025 | D:4      | Reached XP level 7. HP: 70/70 MP: 10/10
  3212 | D:4      | Noticed Edmund
  3223 | D:4      | Killed Edmund
  3556 | D:4      | Noticed Grinder
  3559 | D:4      | XOM: enchant monster (good)
  3571 | D:4      | XOM: fake destruction
  3572 | D:4      | Paralysed by Grinder for 2 turns
  3576 | D:4      | Killed Grinder
  3577 | D:4      | Reached skill level 7 in Fighting
  3881 | D:4      | Gained mutation: You can exhale a cloud of poison. [potion
                  | of mutation]
  3881 | D:4      | Gained mutation: You are vulnerable to heat. (rF-) [potion
                  | of mutation]
  3881 | D:4      | Gained mutation: A frigid envelope surrounds you and
                  | freezes all who hurt you. [potion of mutation]
  3887 | D:4      | Reached XP level 8. HP: 77/80 MP: 13/13
  4001 | D:5      | Entered Level 5 of the Dungeon
  4063 | D:5      | XOM: 1-stop teleportation journey
  4149 | D:5      | XOM: enchant monster (good)
  4527 | D:5      | XOM: god gift: scroll of fog
  4848 | D:5      | XOM: give mutations
  4848 | D:5      | Gained mutation: You possess an exceptional clarity of
                  | mind. [Xom's grace]
  4848 | D:5      | Gained mutation: You have a somewhat thin skeletal
                  | structure. (Dex +2, Stealth+) [Xom's grace]
  5033 | D:6      | Reached skill level 5 in Summonings
  5132 | D:6      | XOM: enchant monster (good)
  5138 | D:6      | XOM: potion effect (magic)
  5145 | D:6      | Reached skill level 8 in Fighting
  5147 | D:6      | Reached skill level 5 in Spellcasting
  5222 | D:6      | XOM: cast spell 'Disjunction'
  5229 | D:6      | Killed from afar by a steam dragon

Illustrated notes

Levels and vault maps discovered:
D:1:      dpeg_arrival_houses_and_road, layout_basic, serial_shops,
          nicolae_shop_pleasant_corner_grove, chequers_serial_rivers_micro_a,
          minmay_bisected
D:2:      layout_loops_ring, minmay_small_reverse_x, uniq_robin
D:3:      layout_basic, st_stairs_13, nicolae_half_adder
D:4:      layout_loops_ring, uniq_edmund, uniq_eustachio, uniq_grinder
D:5:      layout_basic
D:6:      kennysheep_steamy, layout_gridville, nicolae_ru_sacrificial_ziggurat,
          mainiacjoe_overflow_alcove_1, serial_shops, shop, uniq_sigmund,
          uniq_crazy_yiuf_cottage

Skill      XL: |  1  2  3  4  5  6  7  8 |
---------------+-------------------------+-----
Fighting       | 4 5 6 7 8 |  8.0
Spellcasting   | 1 2 3 5 |  5.0
Summonings     | 1 2 4 5 |  5.4
Long Blades    | |  3.0
Armour         | |  1.5
Dodging        | |  0.7

Action                     |  1- 3 |  4- 6 |  7- 9 || total
---------------------------+-------+-------+-------++-------
  Melee: Falchion          |    86 |   173 |    15 ||   274
         Punch             |     1 |     1 |     1 ||     3
         Flail             |       |       |    64 ||    64
   Cast: Call Canine Famil |       |       |     5 ||     5
Ability: Spit Poison       |     2 |     1 |     1 ||     4
         Breathe Poison Ga |       |       |     5 ||     5
    Use: Scroll            |       |     9 |     5 ||    14
         Potion            |       |     3 |     1 ||     4
   Stab: Invisible         |       |     1 |       ||     1
         Paralysed         |       |     1 |       ||     1
         Petrified         |       |       |     2 ||     2
 Armour: Leather armour    |    81 |   291 |    76 ||   448
  Dodge: Dodged            |    74 |   189 |    41 ||   304
